[Event "ICC tourney 2227 (30 10)"]
[Site "Internet Chess Club"]
[Date "2020.12.20"]
[Round "1"]
[White "Shakhmatova"]
[Black "Laine23"]
[Result "0-1"]
[ICCResult "White resigns"]
[WhiteElo "1792"]
[BlackElo "1645"]
[Opening "Sicilian: closed"]
[ECO "B23"]
[NIC "SI.44"]
[Time "11:03:00"]
[PlyCount "102"]
[TimeControl "1800+10"]


1. e4 c5 2. Nc3 e6 3. f4 a6 4. Nf3 d5 5. e5 Nc6 6. d3 Nh6 7. g3 Be7 8. Bg2
O-O 9. O-O Bd7 10. Ne2 Qc7 11. c3 Rac8 12. Be3 Ng4 13. Bd2 b5 14. h3 Nh6
15. Rc1 f6 16. d4 fxe5 17. fxe5 Nf5 18. Qe1 cxd4 19. cxd4 Qb6 20. Kh2 a5
21. g4 Nfxd4 22. Be3 Nxf3+ 23. Rxf3 Qc7 24. Bf4 Rf7 25. Qg3 Rcf8 26. g5 Qb6
27. g6 hxg6 28. Qxg6 Nd4 29. Nxd4 Qxd4 30. Be3 Qxe5+ 31. Rg3 Qxb2 32. Rc2
Qe5 33. Qg4 Bd6 34. Bd4 Qxg3+ 35. Qxg3 Bxg3+ 36. Kxg3 Rf5 37. Rc7 R8f7 38.
h4 Rf4 39. Be5 Ra4 40. Rc3 Rxa2 41. Bf3 a4 42. Bh5 Rf5 43. Rc7 Rxh5 44. Bd6
Be8 45. Rc8 Kf7 46. Rc7+ Kg6 47. Bf8 Bf7 48. Bd6 Rb2 49. Kg4 b4 50. Rxf7
Kxf7 51. Kxh5 a3 { White resigns } 0-1

[Event "ICC tourney 2227 (30 10)"]
[Site "Internet Chess Club"]
[Date "2020.12.20"]
[Round "1"]
[White "MikeWMason"]
[Black "aakashjr"]
[Result "1-0"]
[ICCResult "Black resigns"]
[WhiteElo "1761"]
[BlackElo "1625"]
[Opening "Blackmar gambit"]
[ECO "B01"]
[NIC "VO.17"]
[Time "11:03:16"]
[PlyCount "151"]
[TimeControl "1800+10"]


1. e4 d5 2. d4 dxe4 3. Nc3 Bf5 4. f3 Nf6 5. g4 Bg6 6. g5 Nd5 7. fxe4 Nxc3
8. bxc3 Bxe4 9. Nf3 e6 10. Bg2 Be7 11. O-O Nc6 12. Rb1 O-O 13. Qe2 Bxf3 14.
Rxf3 Bxg5 15. Bxg5 Qxg5 16. Rg3 Qe7 17. Rxb7 Qd6 18. Qa6 Nd8 19. Qxd6 cxd6
20. Rc7 d5 21. c4 Rb8 22. Rb3 Rxb3 23. cxb3 dxc4 24. bxc4 f6 25. Rxa7 Nf7
26. Ra8 Rxa8 27. Bxa8 Kf8 28. Kf2 Ke7 29. Ke3 Kd7 30. d5 Ne5 31. dxe6+ Kxe6
32. Kd4 Kd6 33. c5+ Kc7 34. a4 Kb8 35. Be4 h6 36. Kd5 Kc7 37. Ke6 Nd7 38.
Kd5 Ne5 39. a5 Nc6 40. Ke6 Nxa5 41. Kf7 Nb3 42. c6 Nd4 43. Kxg7 f5 44. Bg2
f4 45. Kxh6 f3 46. Bf1 Nf5+ 47. Kg5 Ne3 48. Bd3 Nd5 49. h4 Kd6 50. h5 Ke7
51. h6 Kf8 52. Kg4 f2 53. Kg3 f1=Q 54. Bxf1 Kg8 55. Bd3 Kh8 56. Kf3 Nc7 57.
Kf4 Nd5+ 58. Kg5 Nc7 59. Kf6 Nd5+ 60. Ke6 Nc7+ 61. Kd6 Ne8+ 62. Kd7 Nf6+
63. Kc8 Nd5 64. Kb7 Kg8 65. Be4 Ne7 66. c7 Kh8 67. Kb6 Kg8 68. Kc5 Kh8 69.
Kd6 Nc8+ 70. Kd7 Nb6+ 71. Kc6 Nc8 72. Bd3 Ne7+ 73. Kd7 Ng8 74. Bc4 Nf6+ 75.
Ke7 Ng8+ 76. Bxg8 { Black resigns } 1-0

[Event "ICC tourney 2227 (30 10)"]
[Site "Internet Chess Club"]
[Date "2020.12.20"]
[Round "1"]
[White "Aram99"]
[Black "Clairehouses"]
[Result "0-1"]
[ICCResult "White checkmated"]
[WhiteElo "1700"]
[BlackElo "1577"]
[Opening "QGD: classical variation (5.Bf4)"]
[ECO "D37"]
[NIC "QO.16"]
[Time "11:02:59"]
[PlyCount "84"]
[TimeControl "1800+10"]


1. d4 Nf6 2. c4 e6 3. Nc3 d5 4. Nf3 Be7 5. Bf4 O-O 6. a3 c5 7. e3 b6 8. Nb5
a6 9. Nc7 Ra7 10. Nxd5 exd5 11. Bxb8 Ra8 12. Bg3 Bg4 13. Be2 dxc4 14. Ne5
Bxe2 15. Qxe2 Qd5 16. f3 cxd4 17. exd4 Rfe8 18. Rd1 b5 19. O-O Bd8 20. Qd2
Bb6 21. Bf2 h5 22. Rfe1 Rad8 23. f4 Ne4 24. Qc2 Nxf2 25. Kxf2 Bxd4+ 26. Kf1
Qc5 27. Re4 Bxe5 28. Rxd8 Rxd8 29. Rxe5 Qd4 30. Re4 Qf6 31. Ke2 Qg6 32. Kf2
Kh7 33. Qe2 Rd3 34. Re5 Qb6+ 35. Kf1 g6 36. Re7 Qd4 37. Rxf7+ Kh6 38. Qe7
Rd1+ 39. Ke2 Qd3+ 40. Kf2 Rd2+ 41. Ke1 Rd1+ 42. Kf2 Rf1# { White checkmated
} 0-1

[Event "ICC tourney 2227 (30 10)"]
[Site "Internet Chess Club"]
[Date "2020.12.20"]
[Round "1"]
[White "Ananya22609"]
[Black "dramaticsong"]
[Result "0-1"]
[ICCResult "White checkmated"]
[WhiteElo "1593"]
[BlackElo "1733"]
[Opening "Sicilian: Alapin's variation (2.c3)"]
[ECO "B22"]
[NIC "SI.46"]
[Time "11:02:57"]
[PlyCount "182"]
[TimeControl "1800+10"]


1. e4 c5 2. c3 Nf6 3. e5 Nd5 4. Nf3 d6 5. exd6 e6 6. d4 cxd4 7. cxd4 Nc6 8.
Nc3 Qxd6 9. Bc4 Nb6 10. Bb3 Nd5 11. O-O Be7 12. Be3 a6 13. Rc1 O-O 14. Ne4
Qd8 15. Nc5 Bxc5 16. dxc5 Qc7 17. Bxd5 Rd8 18. Qb3 exd5 19. h3 Be6 20. Nd4
Na5 21. Qc3 Nc6 22. Rfe1 Re8 23. Nxc6 bxc6 24. Bd4 f6 25. Re2 Bf7 26. Rce1
Rxe2 27. Rxe2 Re8 28. Rxe8+ Bxe8 29. Qe3 Bg6 30. Qe6+ Bf7 31. Qe3 Kf8 32.
Qb3 Ke8 33. Kf1 Kd8 34. Qa3 Qb7 35. Qa5+ Kc8 36. a4 Qb3 37. Qxa6+ Kd7 38.
Bc3 d4 39. Qa7+ Ke6 40. Be1 Qc4+ 41. Kg1 Qe2 42. Qa5 d3 43. Qd2 Qxd2 44.
Bxd2 Kd5 45. b4 Kc4 46. Kf1 Bh5 47. Ke1 Bg6 48. g4 Be4 49. a5 Kb5 50. Bc3
Bd5 51. Kd2 Bc4 52. h4 g6 53. Ke3 Ka4 54. f4 h6 55. Be1 Kb3 56. Kd2 f5 57.
gxf5 gxf5 58. Kc1 h5 59. Bd2 Ka2 60. Be1 Kb3 61. Bd2 Bb5 62. Be1 Kc4 63.
Bd2 Kd4 64. Kd1 Ke4 65. Ke1 Kf3 66. Kf1 Kg3 67. Kg1 Kxh4 68. Kf2 Kg4 69.
Kg2 h4 70. Kf2 h3 71. Bc1 h2 72. Kg2 h1=Q+ 73. Kxh1 Kf3 74. Kg1 Ke2 75. Kg2
Kd1 76. Be3 d2 77. Kf2 Kc2 78. Bxd2 Kxd2 79. Kf3 Kd3 80. Kg3 Ke4 81. Kf2
Kxf4 82. Ke1 Ke3 83. Kd1 f4 84. Kc2 f3 85. Kb3 f2 86. a6 Bxa6 87. Ka4 f1=Q
88. Ka3 Qa1+ 89. Kb3 Kd3 90. b5 Bxb5 91. Kb4 Qa4# { White checkmated } 0-1

[Event "ICC tourney 2227 (30 10)"]
[Site "Internet Chess Club"]
[Date "2020.12.20"]
[Round "1"]
[White "tn285"]
[Black "Fischeresque930"]
[Result "0-1"]
[ICCResult "White resigns"]
[WhiteElo "1637"]
[BlackElo "1781"]
[Opening "Caro-Kann: advance variation"]
[ECO "B12"]
[NIC "CK.04"]
[Time "11:02:58"]
[PlyCount "150"]
[TimeControl "1800+10"]


1. e4 c6 2. d4 d5 3. e5 Bf5 4. Nf3 e6 5. Be2 Nd7 6. O-O Ne7 7. Nbd2 Bg6 8.
Nb3 Nc8 9. Be3 Be7 10. Nfd2 O-O 11. f4 f5 12. a4 a5 13. Nf3 h6 14. Ne1 Kh7
15. Nd3 b6 16. g4 fxg4 17. Bxg4 Bf5 18. Rf2 Qe8 19. Rg2 Qf7 20. Bxf5+ Qxf5
21. Qg4 g6 22. Kh1 Qxg4 23. Rxg4 Na7 24. Rag1 Rg8 25. Ne1 Rae8 26. Nf3 Nf8
27. Nfd2 Nd7 28. c4 Rc8 29. Rc1 Rgf8 30. Kg2 Kg7 31. Rg1 Kf7 32. Kf2 Rg8
33. Ke2 Rb8 34. cxd5 cxd5 35. Rc1 Rbc8 36. Rgg1 Nb8 37. Rxc8 Rxc8 38. Rc1
Rxc1 39. Nxc1 Nbc6 40. Nd3 Nc8 41. Nf3 Bd8 42. Kf2 N8e7 43. Bd2 Nf5 44. Bc3
Be7 45. Nde1 Ke8 46. Nc2 Bf8 47. Ne3 Nce7 48. b4 Nxe3 49. Kxe3 axb4 50. Be1
Nc6 51. Kd2 Be7 52. Kc2 Kf7 53. Bf2 g5 54. fxg5 hxg5 55. Kb3 Kg6 56. Ne1
Kf5 57. Nc2 Ke4 58. Kb2 Kf3 59. Bg3 g4 60. Kb3 Na5+ 61. Kb2 Ke2 62. Kb1 b3
63. Na1 Bg5 64. Kb2 Be3 65. Nxb3 Nxb3 66. Kxb3 Bxd4 67. Kb4 Be3 68. Kb5 d4
69. Kc6 d3 70. Kd6 d2 71. Kxe6 d1=Q 72. Ke7 Qxa4 73. e6 Qe4 74. Kf7 Bc5 75.
Kf6 b5 { White resigns } 0-1

[Event "ICC tourney 2227 (30 10)"]
[Site "Internet Chess Club"]
[Date "2020.12.20"]
[Round "2"]
[White "Laine23"]
[Black "MikeWMason"]
[Result "1/2-1/2"]
[ICCResult "Game drawn by mutual agreement"]
[WhiteElo "1645"]
[BlackElo "1761"]
[Opening "Sicilian: Nimzovich-Rossolimo attack (without ...d6)"]
[ECO "B30"]
[NIC "SI.31"]
[Time "13:01:29"]
[PlyCount "56"]
[TimeControl "1800+10"]


1. e4 c5 2. Nf3 Nc6 3. Bb5 Nd4 4. Nxd4 cxd4 5. O-O a6 6. Be2 g6 7. c3 dxc3
8. Nxc3 Bg7 9. d4 d6 10. Bf4 e6 11. Rc1 Ne7 12. Re1 O-O 13. d5 exd5 14.
exd5 b5 15. Ne4 Bb7 16. Bxd6 Re8 17. Ba3 Qxd5 18. Bf3 Qxd1 19. Rcxd1 Nf5
20. Nf6+ Bxf6 21. Bxb7 Rxe1+ 22. Rxe1 Rb8 23. Bc5 Kg7 24. Bxa6 Bxb2 25. h3
Ra8 26. Bxb5 Rxa2 27. Bd3 Bd4 28. Bxd4+ Nxd4 { Game drawn by mutual
agreement } 1/2-1/2

[Event "ICC tourney 2227 (30 10)"]
[Site "Internet Chess Club"]
[Date "2020.12.20"]
[Round "2"]
[White "dramaticsong"]
[Black "Clairehouses"]
[Result "0-1"]
[ICCResult "White resigns"]
[WhiteElo "1733"]
[BlackElo "1577"]
[Opening "Queen's pawn: London system"]
[ECO "A45"]
[NIC "QP.07"]
[Time "13:01:20"]
[PlyCount "76"]
[TimeControl "1800+10"]


1. d4 Nf6 2. Bf4 e6 3. e3 d5 4. Nf3 Be7 5. Bd3 O-O 6. c3 Nbd7 7. Nbd2 c5 8.
Ne5 Ne8 9. h4 Bd6 10. Ndf3 cxd4 11. exd4 f6 12. Ng5 fxe5 13. Bxh7+ Kh8 14.
dxe5 Bxe5 15. Bxe5 Nxe5 16. Bg6 Nf6 17. Bc2 Qb6 18. Rc1 Nfg4 19. Nh3 Rxf2
20. Qd4 Qxd4 21. cxd4 Rxc2 22. Rxc2 Nc6 23. Rd2 Bd7 24. Rf1 Kg8 25. Rf4 Nf6
26. Ng5 Re8 27. Nf3 Ne4 28. Re2 e5 29. dxe5 Nxe5 30. Nxe5 Rxe5 31. Kd1 Ba4+
32. Ke1 Bb5 33. Re3 Bc6 34. Ke2 d4 35. Rb3 Nc5+ 36. Kd2 Nxb3+ 37. axb3 Re4
38. Kd3 Rxf4 { White resigns } 0-1

[Event "ICC tourney 2227 (30 10)"]
[Site "Internet Chess Club"]
[Date "2020.12.20"]
[Round "2"]
[White "aakashjr"]
[Black "Shakhmatova"]
[Result "0-1"]
[ICCResult "White resigns"]
[WhiteElo "1625"]
[BlackElo "1792"]
[Opening "QP counter-gambit (elephant gambit)"]
[ECO "C40"]
[NIC "KP.10"]
[Time "13:01:20"]
[PlyCount "76"]
[TimeControl "1800+10"]


1. e4 e5 2. Nf3 d5 3. exd5 e4 4. Ne5 Qxd5 5. d4 exd3 6. Nxd3 Nf6 7. Nc3 Qd8
8. Be2 Be7 9. Bf4 c6 10. O-O O-O 11. Re1 Bf5 12. Bf3 Nbd7 13. Qd2 Re8 14.
Re2 Nf8 15. Rae1 Ng6 16. Bg3 Qb6 17. Ne4 Red8 18. Nxf6+ Bxf6 19. Be4 Bg4
20. Bf3 Bxf3 21. gxf3 h6 22. Re4 c5 23. Qe2 Qc6 24. Nf4 Nf8 25. Nh5 Bxb2
26. c4 Bd4 27. Kh1 Qg6 28. Nf4 Qf5 29. Nd5 Kh8 30. Ne7 Qd7 31. Rg1 a5 32.
Rg4 Re8 33. Bh4 Ra6 34. Re4 Re6 35. Rxe6 Nxe6 36. Nd5 b5 37. Qd2 bxc4 38.
Bf6 Bxf6 { White resigns } 0-1

[Event "ICC tourney 2227 (30 10)"]
[Site "Internet Chess Club"]
[Date "2020.12.20"]
[Round "2"]
[White "castle2king"]
[Black "ashokbidani"]
[Result "0-1"]
[ICCResult "White resigns"]
[WhiteElo "1562"]
[BlackElo "1593"]
[Opening "Sicilian: accelerated fianchetto, modern variation with Bc4"]
[ECO "B35"]
[NIC "SI.34"]
[Time "13:01:31"]
[PlyCount "88"]
[TimeControl "1800+10"]


1. e4 c5 2. Nf3 Nc6 3. d4 cxd4 4. Nxd4 Nf6 5. Nc3 g6 6. Be3 Bg7 7. Bc4 O-O
8. Bb3 Qa5 9. O-O d6 10. h3 Bd7 11. Re1 Rac8 12. a3 Ne5 13. Nd5 Nxd5 14.
exd5 Nc4 15. Bxc4 Rxc4 16. Nb3 Qc7 17. Bd4 Ba4 18. Bxg7 Kxg7 19. Nd4 Bxc2
20. Nxc2 Rxc2 21. Rxe7 Qc5 22. Re2 Rxe2 23. Qxe2 Qxd5 24. Rd1 Qe5 25. Qd2
Rc8 26. b4 Rc6 27. f4 Qe4 28. Re1 Qc4 29. f5 a5 30. Rf1 f6 31. fxg6 hxg6
32. Qf2 Qc3 33. bxa5 d5 34. Rb1 Rc7 35. Qb6 d4 36. Rd1 d3 37. Rxd3 Qc1+ 38.
Kh2 Qf4+ 39. Rg3 Rc3 40. Qxb7+ Kh6 41. Kg1 Qxg3 42. Qb2 Re3 43. Qf2 Qxf2+
44. Kxf2 Rxa3 { White resigns } 0-1

[Event "ICC tourney 2227 (30 10)"]
[Site "Internet Chess Club"]
[Date "2020.12.20"]
[Round "2"]
[White "Fischeresque930"]
[Black "DespicableMe"]
[Result "1-0"]
[ICCResult "Black resigns"]
[WhiteElo "1781"]
[BlackElo "1546"]
[Opening "French: advance, Paulsen attack"]
[ECO "C02"]
[NIC "FR.03"]
[Time "13:01:21"]
[PlyCount "111"]
[TimeControl "1800+10"]


1. e4 e6 2. d4 d5 3. e5 c5 4. c3 Nc6 5. Nf3 Be7 6. Be3 cxd4 7. cxd4 f6 8.
exf6 Nxf6 9. Nc3 O-O 10. Bd3 a6 11. a3 Qc7 12. Rc1 Bd6 13. h3 Bd7 14. b4 b5
15. Qb3 Qb8 16. Kd2 Bf4 17. Ne2 Bxe3+ 18. fxe3 Nh5 19. Rhg1 Ng3 20. Rc5
Nxe2 21. Kxe2 Qg3 22. Qd1 Rae8 23. Qe1 Qxe1+ 24. Rxe1 Re7 25. Rec1 e5 26.
Rxd5 exd4 27. Nxd4 Nxd4+ 28. Rxd4 Rfe8 29. e4 Bf5 30. Ke3 Bg6 31. Rc6 Re6
32. Rc7 Kf8 33. g4 h6 34. h4 h5 35. g5 R8e7 36. Rxe7 Kxe7 37. Rd5 Rd6 38.
Kd4 Rxd5+ 39. Kxd5 Kd7 40. Bf1 Bf7+ 41. Ke5 Be6 42. Be2 Bf7 43. Kf5 Ke7 44.
g6 Be8 45. Bxh5 Kd6 46. Bf3 Bd7+ 47. Kf4 Be6 48. h5 Ke7 49. e5 Ke8 50. Bb7
Kd7 51. Be4 Ke7 52. Bf5 Bd5 53. Kg5 Bc4 54. h6 gxh6+ 55. Kxh6 Bg8 56. Kg7 {
Black resigns } 1-0

[Event "ICC tourney 2227 (30 10)"]
[Site "Internet Chess Club"]
[Date "2020.12.20"]
[Round "2"]
[White "tn285"]
[Black "Aram99"]
[Result "0-1"]
[ICCResult "White resigns"]
[WhiteElo "1637"]
[BlackElo "1700"]
[Opening "Sicilian: accelerated fianchetto, modern variation"]
[ECO "B34"]
[NIC "SI.33"]
[Time "13:01:25"]
[PlyCount "94"]
[TimeControl "1800+10"]


1. e4 c5 2. Nf3 Nc6 3. d4 cxd4 4. Nxd4 g6 5. Nc3 Bg7 6. Be3 Nf6 7. Be2 O-O
8. O-O d5 9. exd5 Nxd5 10. Nxd5 Qxd5 11. Nxc6 Qxc6 12. c3 Bf5 13. Qc1 Rfd8
14. Bh6 Bh8 15. Qe3 Be4 16. f3 Bd5 17. Rfd1 b5 18. Qxe7 Re8 19. Qg5 Rxe2
20. Rxd5 Qb6+ 21. Kh1 Rae8 22. Qh4 Bf6 23. Qg3 Be5 24. f4 Bc7 25. Rdd1 Qc6
26. Re1 Bb6 27. Rxe2 Rxe2 28. Rf1 Bf2 29. Qd3 Qe8 30. Qf3 Bb6 31. Bg5 Rxb2
32. f5 Re2 33. fxg6 fxg6 34. Qd5+ Qe6 35. Qxe6+ Rxe6 36. Bh6 Bc5 37. h3 Ra6
38. Rb1 Rxa2 39. Rxb5 Ra1+ 40. Kh2 Bd6+ 41. g3 Ra2+ 42. Kg1 Bxg3 43. Rb7
Be5 44. c4 Rc2 45. Rxa7 Bd4+ 46. Kf1 Bxa7 47. Bf4 Rf2+ { White resigns }
0-1

[Event "ICC tourney 2227 (30 10)"]
[Site "Internet Chess Club"]
[Date "2020.12.20"]
[Round "3"]
[White "ashokbidani"]
[Black "MikeWMason"]
[Result "1-0"]
[ICCResult "Black resigns"]
[WhiteElo "1593"]
[BlackElo "1761"]
[Opening "QGD: Albin counter-gambit"]
[ECO "D08"]
[NIC "QG.02"]
[Time "15:01:29"]
[PlyCount "63"]
[TimeControl "1800+10"]


1. d4 d5 2. c4 e5 3. cxd5 Qxd5 4. dxe5 Qxd1+ 5. Kxd1 Nc6 6. f4 Bf5 7. Be3
O-O-O+ 8. Kc1 Nb4 9. Na3 Nd5 10. Bd2 Bxa3 11. bxa3 Nge7 12. Nf3 h6 13. g3
Be4 14. Bh3+ Kb8 15. Re1 Nb6 16. Be3 Nc4 17. Bc5 Nc6 18. Rd1 b6 19. Bf2
Nxa3 20. Nd4 Nxd4 21. Rxd4 Rxd4 22. Bxd4 Nc2 23. Bc3 Nxa1 24. Bxa1 Rd8 25.
e6 fxe6 26. Bxg7 h5 27. Bxe6 Bd5 28. Bxd5 Rxd5 29. e4 Ra5 30. f5 Kc8 31. f6
Kd7 32. f7 { Black resigns } 1-0

[Event "ICC tourney 2227 (30 10)"]
[Site "Internet Chess Club"]
[Date "2020.12.20"]
[Round "3"]
[White "Shakhmatova"]
[Black "Ananya22609"]
[Result "1-0"]
[ICCResult "Black checkmated"]
[WhiteElo "1792"]
[BlackElo "1593"]
[Opening "Sicilian: closed"]
[ECO "B23"]
[NIC "SI.44"]
[Time "15:01:41"]
[PlyCount "85"]
[TimeControl "1800+10"]


1. e4 c5 2. Nc3 d6 3. f4 Nf6 4. d3 e6 5. Nf3 Nc6 6. h3 Be7 7. g3 a6 8. a4
b6 9. Bg2 Bb7 10. O-O O-O 11. Ne2 d5 12. e5 Nd7 13. c3 f6 14. d4 c4 15. g4
b5 16. f5 exf5 17. e6 Nb6 18. a5 Nc8 19. gxf5 Nd6 20. Nh4 Nxa5 21. Nf4 Nb3
22. Rb1 Ne4 23. Qg4 Bd6 24. e7 Qxe7 25. Ne6 Ned2 26. Bxd2 Nxd2 27. Rbe1
Nxf1 28. Bxf1 Rf7 29. Nf3 Qd7 30. h4 Re8 31. Bh3 Bc8 32. Re2 Qb7 33. Rg2
Bxe6 34. fxe6 Rfe7 35. Qh5 b4 36. Bf5 g6 37. Bxg6 hxg6 38. Qxg6+ Kh8 39.
Qxf6+ Rg7 40. Ng5 Kg8 41. Nf7 Rxg2+ 42. Kxg2 Qe7 43. Qh8# { Black
checkmated } 1-0

[Event "ICC tourney 2227 (30 10)"]
[Site "Internet Chess Club"]
[Date "2020.12.20"]
[Round "3"]
[White "Aram99"]
[Black "Laine23"]
[Result "0-1"]
[ICCResult "White resigns"]
[WhiteElo "1700"]
[BlackElo "1645"]
[Opening "Nimzo-Indian: classical, Noa variation"]
[ECO "E34"]
[NIC "NI.23"]
[Time "15:01:24"]
[PlyCount "64"]
[TimeControl "1800+10"]


1. d4 Nf6 2. c4 e6 3. Nc3 Bb4 4. Qc2 d5 5. Nf3 O-O 6. a3 Bxc3+ 7. Qxc3 Nbd7
8. Bf4 c5 9. e3 Ne4 10. Qc2 Qa5+ 11. Nd2 Ndf6 12. dxc5 Qxc5 13. b4 Qe7 14.
Be5 Nxf2 15. c5 Nxh1 16. Bd6 Qd8 17. Bxf8 Qxf8 18. Bd3 a5 19. Rb1 Ng4 20.
Ke2 Nhf2 21. Bxh7+ Kh8 22. h3 g6 23. hxg4 Nxg4 24. Rh1 Kg7 25. Nf3 e5 26.
Nh4 Qe8 27. Nf3 Bf5 28. Qc3 Nh6 29. Qxe5+ Qxe5 30. Nxe5 f6 31. Bxg6 fxe5
32. Rxh6 Bg4+ { White resigns } 0-1

[Event "ICC tourney 2227 (30 10)"]
[Site "Internet Chess Club"]
[Date "2020.12.20"]
[Round "3"]
[White "dramaticsong"]
[Black "castle2king"]
[Result "1-0"]
[ICCResult "Black resigns"]
[WhiteElo "1733"]
[BlackElo "1562"]
[Opening "Queen's pawn: London system"]
[ECO "A45"]
[NIC "QP.07"]
[Time "15:01:31"]
[PlyCount "109"]
[TimeControl "1800+10"]


1. d4 Nf6 2. Bf4 g6 3. Nc3 d5 4. e3 Bg7 5. h4 h5 6. Qd2 O-O 7. Nf3 e6 8.
Be2 Re8 9. O-O-O a6 10. Ne5 Nbd7 11. f3 Nxe5 12. Bxe5 b6 13. g4 c5 14. gxh5
Nxh5 15. Bxg7 Nxg7 16. Rdg1 Kf8 17. f4 Nf5 18. dxc5 bxc5 19. Na4 c4 20. h5
Qf6 21. hxg6 fxg6 22. Rh7 Re7 23. Rh3 Bd7 24. Nc3 Kf7 25. Rgh1 Rg8 26. Bg4
Nd6 27. Bf3 Kf8 28. e4 d4 29. Ne2 e5 30. Rh4 Nb5 31. a4 c3 32. bxc3 Nxc3
33. Nxc3 dxc3 34. Qxc3 Bxa4 35. Be2 Qd6 36. fxe5 Qxe5 37. Qxe5 Rxe5 38.
Rf4+ Kg7 39. Rhf1 Re7 40. Bxa6 Rge8 41. Bd3 Bc6 42. Re1 Re5 43. Kd2 Bb5 44.
Rb1 Bxd3 45. cxd3 R8e7 46. Ke3 g5 47. Rg4 Kf6 48. d4 R5e6 49. Rf1+ Kg6 50.
Rf5 Ra7 51. Rgxg5+ Kh6 52. Rh5+ Kg6 53. Rfg5+ Kf6 54. e5+ Kf7 55. Rh7+ {
Black resigns } 1-0

[Event "ICC tourney 2227 (30 10)"]
[Site "Internet Chess Club"]
[Date "2020.12.20"]
[Round "3"]
[White "DespicableMe"]
[Black "tn285"]
[Result "1-0"]
[ICCResult "Black resigns"]
[WhiteElo "1546"]
[BlackElo "1637"]
[Opening "Ruy Lopez: Anderssen variation"]
[ECO "C77"]
[NIC "RL.12"]
[Time "15:01:25"]
[PlyCount "147"]
[TimeControl "1800+10"]


1. e4 e5 2. Nf3 Nc6 3. Bb5 a6 4. Ba4 Nf6 5. d3 Be7 6. c3 b5 7. Bc2 d6 8.
O-O O-O 9. Re1 Nb8 10. Nbd2 Nbd7 11. Nf1 c5 12. Ng3 Re8 13. d4 cxd4 14.
cxd4 Bf8 15. d5 a5 16. b3 g6 17. h3 Nc5 18. Be3 Ba6 19. Qd2 Rc8 20. Bh6 Bg7
21. a3 Bb7 22. Bxg7 Kxg7 23. b4 axb4 24. axb4 Ncd7 25. Bd3 Qb6 26. Qe2 Rc3
27. Ra5 Rec8 28. Kh2 Ba6 29. Rea1 Nb8 30. R1a2 Ne8 31. Bxb5 Bxb5 32. Rxb5
Qc7 33. Rba5 Qc4 34. Qxc4 R8xc4 35. Rb2 Nd7 36. b5 Rc7 37. Ra6 Nc5 38. Rc6
Na4 39. Rb4 Nc5 40. Rxc7 Nxc7 41. b6 N5a6 42. Ra4 Nc5 43. Ra7 N7a6 44. Ng5
Kf6 45. h4 Kg7 46. Nxf7 Rb3 47. Nxd6+ Kg8 48. b7 Rb6 49. Ra8+ Kg7 50. Nc4
Rxb7 51. Nxe5 Re7 52. Nc6 Rf7 53. f3 Nc7 54. Ra7 Ne8 55. Rxf7+ Kxf7 56. Ne2
Nd6 57. Ned4 Nc4 58. Kg3 Nd3 59. Ne6 Ne3 60. f4 h6 61. Ne5+ Nxe5 62. fxe5
Nc4 63. Kf4 Ke7 64. g4 Nb2 65. Ke3 Nc4+ 66. Kd4 Nd2 67. Kc5 Nxe4+ 68. Kc6
Nd2 69. Nc5 Nf3 70. d6+ Kf8 71. d7 Ke7 72. Kc7 Nxe5 73. d8=Q+ Kf7 74. Qd5+
{ Black resigns } 1-0

[Event "ICC tourney 2227 (30 10)"]
[Site "Internet Chess Club"]
[Date "2020.12.20"]
[Round "3"]
[White "Clairehouses"]
[Black "Fischeresque930"]
[Result "1-0"]
[ICCResult "Black forfeits on time"]
[WhiteElo "1577"]
[BlackElo "1781"]
[Opening "QGD"]
[ECO "D52"]
[NIC "QP.08"]
[Time "15:01:20"]
[PlyCount "125"]
[TimeControl "1800+10"]


1. d4 d5 2. c4 e6 3. Nf3 Nf6 4. Nc3 c6 5. Bg5 Nbd7 6. e3 b6 7. Bd3 Bb7 8.
O-O Be7 9. Rc1 Rc8 10. cxd5 cxd5 11. Qe2 O-O 12. Ba6 Bxa6 13. Qxa6 h6 14.
Bh4 Nb8 15. Qxa7 Nc6 16. Qa4 Na5 17. Ne5 Nc4 18. Nxc4 Rxc4 19. Qd1 Qa8 20.
b3 Rc6 21. Na4 Rfc8 22. Rxc6 Rxc6 23. Qe2 Qa5 24. Ra1 g5 25. Bg3 Ba3 26. f3
b5 27. Be1 Qa6 28. Nb2 Qc8 29. Nd3 Rc2 30. Qd1 Ne8 31. Nc5 Rxc5 32. dxc5
Bxc5 33. Bf2 Qa6 34. Qc2 Qb6 35. e4 d4 36. Rc1 Ba3 37. Rd1 e5 38. Kh1 Kg7
39. Be1 Qd6 40. Qb1 Bc5 41. b4 Ba7 42. Qd3 Qa6 43. Qb3 Nd6 44. Rc1 Qb7 45.
a4 bxa4 46. Qxa4 Bb8 47. Qa5 f6 48. b5 h5 49. b6 Nc8 50. Qc5 Nd6 51. Ra1
Kg6 52. h4 Qd7 53. Ra8 Qb7 54. Qa5 g4 55. Qa2 Nf7 56. Qd5 Qxb6 57. Qa2 Qc7
58. Qb2 Ba7 59. fxg4 hxg4 60. Qf2 Nh6 61. h5+ Kg7 62. Qa2 Qb7 63. Rxa7 {
Black forfeits on time } 1-0

[Event "ICC tourney 2227 (30 10)"]
[Site "Internet Chess Club"]
[Date "2020.12.20"]
[Round "4"]
[White "Clairehouses"]
[Black "ashokbidani"]
[Result "1-0"]
[ICCResult "Black resigns"]
[WhiteElo "1577"]
[BlackElo "1593"]
[Opening "Grünfeld: exchange, Spassky variation"]
[ECO "D87"]
[NIC "GI.05"]
[Time "17:02:39"]
[PlyCount "75"]
[TimeControl "1800+10"]


1. d4 Nf6 2. c4 g6 3. Nc3 d5 4. cxd5 Nxd5 5. e4 Nxc3 6. bxc3 Bg7 7. Bc4 c5
8. Ne2 O-O 9. O-O Qc7 10. Qc2 cxd4 11. cxd4 Be6 12. Bb3 Qxc2 13. Bxc2 Rc8
14. Bb3 Bxb3 15. axb3 Rc2 16. Re1 Nc6 17. Ra4 Rc8 18. Be3 b5 19. Raa1 Rd8
20. Rad1 a5 21. d5 Nb4 22. Nd4 Rb2 23. Rb1 Rxb1 24. Rxb1 e6 25. Nxb5 exd5
26. exd5 Rxd5 27. Rc1 h6 28. Nc7 Rd3 29. Rb1 Nc2 30. Bb6 Bc3 31. Nb5 Bb4
32. h3 Rd5 33. Na7 Bc5 34. Nc6 Kg7 35. Bxa5 Rf5 36. Rf1 Ne3 37. Rc1 Rf6 38.
Rxc5 { Black resigns } 1-0

[Event "ICC tourney 2227 (30 10)"]
[Site "Internet Chess Club"]
[Date "2020.12.20"]
[Round "4"]
[White "MikeWMason"]
[Black "Ananya22609"]
[Result "1/2-1/2"]
[ICCResult "Game drawn by mutual agreement"]
[WhiteElo "1761"]
[BlackElo "1593"]
[Opening "Sicilian: Smith-Morra gambit"]
[ECO "B21"]
[NIC "SI.48"]
[Time "17:01:20"]
[PlyCount "74"]
[TimeControl "1800+10"]


1. e4 c5 2. d4 cxd4 3. c3 dxc3 4. Nxc3 d6 5. Nf3 Nf6 6. Bc4 e6 7. Qe2 Be7
8. O-O O-O 9. Rd1 Qa5 10. Bd2 Qh5 11. Nb5 Nc6 12. Bc3 d5 13. Bxf6 dxc4 14.
Bxe7 Nxe7 15. Qxc4 a6 16. Nd6 Nc6 17. Rac1 Rd8 18. Nxc8 Raxc8 19. Rxd8+
Rxd8 20. h3 h6 21. Qb3 Na5 22. Qc3 Nc6 23. b4 Qb5 24. Qc5 Qxb4 25. Qxb4
Nxb4 26. a3 Nc6 27. Rb1 Rd7 28. Kf1 Kf8 29. Ke2 Ke7 30. e5 b5 31. Rc1 Nd4+
32. Nxd4 Rxd4 33. Rc7+ Rd7 34. Rc6 Ra7 35. Kd3 Kd7 36. Rd6+ Kc7 37. Kc3 a5
{ Game drawn by mutual agreement } 1/2-1/2